 Dungeon Crawl Stone Soup version 0.30-a0-930-gb9d0489357 (webtiles) character file.

Game seed: 15449280967429161691

403 Dirtsage the Chopper (level 6, 0/47 HPs)
             Began as a Demonspawn Fighter on Mar 23, 2023.
             Slain by Pikel
             ... wielding a +1 whip of flaming
              (2 damage)
             ... on level 4 of the Dungeon.
             The game lasted 00:05:51 (2260 turns).

Dirtsage the Chopper (Demonspawn Fighter)           Turns: 2260, Time: 00:05:51

Health: 0/47       AC: 11    Str: 18    XL:     6   Next: 55%
Magic:  6/6        EV:  7    Int:  9    God:
Gold:   227        SH:  0    Dex: 19    Spells: 5/5 levels left

rFire   . . .      SeeInvis .    a - +0 war axe
rCold   . . .      Faith    .    (no shield)
rNeg    . . .      Spirit   .    v - +0 chain mail
rPois   .          Reflect  .    u - +0 helmet
rElec   .          Rampage  .    k - +0 cloak
rCorr   .                        (no gloves)
Will    .....                    (no boots) Stlth
                                 (no amulet)
HPRegen 0.27/turn                r - +6 ring of dexterity
MPRegen 0.10/turn                (no ring)

@: mighty
A: powered by death 1, condensation shield, demonic touch 1
a: no special abilities


You were on level 4 of the Dungeon.
You visited 1 branch of the dungeon, and saw 4 of its levels.

You collected 227 gold pieces.

Inventory:

Hand Weapons
 a - a +0 war axe (weapon)
Armour
 b - a +0 scale mail
 c - a +0 buckler
 k - a +0 cloak (worn)
 u - a +0 helmet (worn)
 v - a +0 chain mail (worn)
Jewellery
 r - a +6 ring of dexterity (left hand)
Scrolls
 f - 2 scrolls of magic mapping {unknown}
 g - 6 scrolls of noise {unknown}
 i - 2 scrolls of blinking {unknown}
 j - a scroll of teleportation {unknown}
 l - 4 scrolls of identify {unknown}
 m - a scroll of summoning {unknown}
 n - 4 scrolls of poison {unknown}
 s - a scroll of fear {unknown}
 t - a scroll of enchant armour {unknown}
Potions
 e - a potion of heal wounds {unknown}
 h - 2 potions of haste {unknown}
 o - a potion of mutation {unknown}
 p - a potion of flight {unknown}
 q - a potion of curing
 w - a potion of berserk rage {unknown}


   Skills:
 - Level 3.0 Fighting
 + Level 6.5 Axes
 - Level 2.6 Armour
 - Level 2.6 Shields


You had 5 spell levels left.
You didn't know any spells.
Your spell library was empty.

Dungeon Overview and Level Annotations

Branches:
Dungeon (4/15)             Temple (0/1) D:4

Altars:
Nemelex Xobeh
Trog

Shops:
D:3 (

Annotations:
D:3 1 runed translucent door
D:4 Pikel


Innate Abilities, Weirdness & Mutations

You regenerate a little health from kills.
A meltable shield of frost defends you. (SH +0)
Your touch may inflict minor irresistible damage on your foes.


Message History

Pikel burns you. The lemure hits you. The lemure closely misses you.
Pikel waves his whip at you. Pikel hits you but does no damage.
You take 4 damage, and have 30/47 hp.
You closely miss Pikel.
Pikel is heavily wounded.
You closely miss the lemure.
Pikel hits you with a +1 whip of flaming.
Pikel burns you. The lemure hits you but does no damage.
You take 7 damage, and have 23/47 hp.
You hit Pikel.
Pikel is severely wounded.
You miss the lemure.
Pikel hits you with a +1 whip of flaming.
Pikel burns you. The lemure closely misses you.
You take 6 damage, and have 17/47 hp.
You hit Pikel.
Pikel is severely wounded.
You barely miss the lemure.
Pikel hits you with a +1 whip of flaming.
* * * LOW HITPOINT WARNING * * *
Pikel burns you.
* * * LOW HITPOINT WARNING * * *
The lemure hits you.
* * * LOW HITPOINT WARNING * * *
You take 10 damage, and have 7/47 hp.
MASSIVE DAMAGE!!
You feel very mighty all of a sudden.
Pikel hits you with a +1 whip of flaming.
* * * LOW HITPOINT WARNING * * *
Pikel burns you.
* * * LOW HITPOINT WARNING * * *
The lemure hits you but does no damage.
You take 3 damage, and have 4/47 hp.
You slash Pikel!
Pikel is almost dead.
You hit the lemure. The lemure hits you but does no damage.
Pikel hits you with a +1 whip of flaming.
* * * LOW HITPOINT WARNING * * *
Pikel burns you.
You die...

#..# #..### ##.(..##
######..##..##
#.........#..##
#...#.#..5....#
...#.#.#...##5#
#.#)#.#.#.###5#
#..#.>.#..# #@#
..#.#K#.#.###K######
#..#.#.#..##.......#
....#.#....#.......#
...[.......#......)#
#..........#
#######.####
#####.)## #......)#


You could see Pikel and 2 lemures.

Vanquished Creatures
  A lemure (D:4)
  2 wights (D:4)
  The ghost of Tungsten the Digger, a weakling MeEE (D:3)
  A hound (D:4)
  Terence (D:2)
  2 orc wizards (D:2)
  6 gnolls (D:4)
  2 adders (D:3)
  2 worms (D:2)
  4 orcs
  8 bats
  8 endoplasms
  3 goblins
  5 hobgoblins
  4 jackals (D:2)
  4 quokkas
  11 ball pythons
  A kobold (D:2)
  8 rats
74 creatures vanquished.

Notes
Turn   | Place    | Note
-------+----------+-------------------------------------------
     0 | D:1      | Dirtsage the Demonspawn Fighter began the quest for the
                  | Orb.
     0 | D:1      | Reached XP level 1. HP: 18/18 MP: 1/1
    40 | D:1      | Reached skill level 2 in Axes
    76 | D:1      | Gained mutation: Your touch may inflict minor irresistible
                  | damage on your foes. [demonic ancestry]
    76 | D:1      | Reached XP level 2. HP: 24/24 MP: 2/2
   434 | D:1      | Found a faded altar of an unknown god.
   450 | D:1      | Reached skill level 3 in Axes
   737 | D:2      | Gained mutation: You regenerate a little health from kills.
                  | [demonic ancestry]
   737 | D:2      | Reached XP level 3. HP: 21/29 MP: 3/3
   809 | D:2      | Reached skill level 4 in Axes
   809 | D:2      | Gained mutation: A meltable shield of frost defends you.
                  | (SH +0) [demonic ancestry]
   809 | D:2      | Reached XP level 4. HP: 32/35 MP: 4/4
  1000 | D:2      | Noticed Terence
  1018 | D:2      | Killed Terence
  1284 | D:3      | Reached XP level 5. HP: 41/41 MP: 5/5
  1327 | D:3      | Found a runed translucent door.
  1333 | D:3      | Noticed Tungsten's ghost (weakling MeEE)
  1345 | D:3      | Killed Tungsten's ghost
  1346 | D:3      | Reached skill level 5 in Axes
  1352 | D:3      | Found a runed translucent door.
  1455 | D:3      | Found Situos's Antique Weapon Emporium.
  1541 | D:3      | Found a bloodstained altar of Trog.
  1704 | D:3      | Found a sparkling altar of Nemelex Xobeh.
  1924 | D:4      | Reached skill level 6 in Axes
  1924 | D:4      | Reached XP level 6. HP: 12/47 MP: 6/6
  2230 | D:4      | Found a staircase to the Ecumenical Temple.
  2236 | D:4      | Noticed Pikel
  2260 | D:4      | HP: 2/47 [Pikel/+1 whip of flaming (3)]
  2260 | D:4      | Slain by Pikel

Illustrated notes

Levels and vault maps discovered:
D:1:      kennysheep_arrival_seaside, layout_rooms, basic_ecumenical_altar
D:2:      layout_rooms, uniq_terence
D:3:      layout_rooms, mainiacjoe_overflow_surrounded_room,
          nemelex_spade_bored_becter, ebering_ghost_sewer_f, serial_shops,
          nicolae_shop_competitors_out_of_business, st_stairs_13
D:4:      layout_basic, minmay_temple_entry_grid, uniq_pikel, uniq_eustachio,
          uniq_blork_the_orc

Skill      XL: |  1  2  3  4  5 |
---------------+----------------+-----
Axes           | 2 3 4 6 |  6.5
Fighting       | |  3.0
Armour         | |  2.6
Shields        | |  2.6

Action                     |  1- 3 |  4- 6 || total
---------------------------+-------+-------++-------
  Melee: War axe           |    75 |   127 ||   202
         Touch             |     4 |    19 ||    23
         Punch             |     1 |     2 ||     3
    Use: Potion            |     2 |     1 ||     3
 Armour: Scale mail        |    57 |    24 ||    81
         Chain mail        |       |    32 ||    32
  Dodge: Dodged            |    39 |    52 ||    91
  Block: Buckler           |     5 |       ||     5
         Other             |       |    15 ||    15

Table legend: (Time is in decaauts)
 A = Elapsed time spent in this place.
 B = Non-inter-level travel time spent in this place.
 C = Inter-level travel time spent in this place.
 D = Time resting spent in this place.
 E = Time spent auto-exploring this place.
 F = Levels seen in this place.
 G = Mean time per level.
                   A        B        C        D        E       F      G
               +--------+--------+--------+--------+--------+-----+--------+
         Total |   2324 |   2253 |     71 |     12 |   1757 |   4 |  581.0 |
       Dungeon |   2324 |   2253 |     71 |     12 |   1757 |   4 |  581.0 |
               +--------+--------+--------+--------+--------+-----+--------+

Top non-repeatable levels by time:
     D:1: 699 daAuts
     D:2: 601 daAuts
     D:3: 584 daAuts
     D:4: 439 daAuts
